 Dungeon Crawl Stone Soup version 0.28-a0-268-g3f656e82c2 (webtiles) character file.

Game seed: 5203997137424118807

7098 Spaninq the Cleaver (level 11, -14/97 HPs)
             Began as a Hill Orc Abyssal Knight on Aug 28, 2021.
             Was an Elder of Lugonu.
             Demolished by a phantasmal warrior (23 damage)
             ... led by a death knight
             ... on level 10 of the Dungeon.
             The game lasted 00:37:05 (14189 turns).

Spaninq the Cleaver (Hill Orc Abyssal Knight)      Turns: 14189, Time: 00:37:05

Health: -14/97     AC: 18    Str: 25    XL:     11   Next: 9%
Magic:  10/18      EV:  7    Int: 12    God:    Lugonu [****..]
Gold:   713        SH:  5    Dex: 10    Spells: 10/10 levels left

rFire   . . .      SeeInvis .   I - +2 war axe (drain)
rCold   . . .      Faith    .   y - +0 buckler
rNeg    . . .      Spirit   .   D - +0 plate armour
rPois   +          Reflect  .   B - +0 helmet
rElec   .          Harm     .   (no cloak)
rCorr   .          Rampage  .   c - +1 pair of gloves
Will    .....                   q - +0 pair of boots
Stlth   ..........              r - amulet of regeneration
HPRegen 1.26/turn               j - +6 ring of strength
MPRegen 0.16/turn               u - ring of poison resistance

@: weak-willed
A: no striking features
a: Renounce Religion, Depart the Abyss, Bend Space, Banish, Corrupt


You were on level 10 of the Dungeon.
You worshipped Lugonu.
Lugonu was greatly pleased with you.
You visited 2 branches of the dungeon, and saw 11 of its levels.
You visited the Abyss 1 time.

You collected 713 gold pieces.

Inventory:

Hand Weapons
 i - a +0 hand crossbow
 p - a +1 falchion of flaming
 I - a +2 war axe of draining (weapon)
Missiles
 s - 48 bolts
 w - 3 throwing nets
Armour
 c - a +1 pair of gloves (worn)
 q - a +0 pair of boots (worn)
 y - a +0 buckler (worn)
 B - a +0 helmet (worn)
 D - a +0 plate armour (worn)
 F - a +0 chain mail of fire resistance
Jewellery
 j - a +6 ring of strength (left hand)
 k - a ring of positive energy
 r - an amulet of regeneration (around neck)
 u - a ring of poison resistance (right hand)
 x - a ring of ice
Wands
 t - a wand of digging (1)
 C - a wand of flame (26)
 G - a wand of iceblast (3)
 K - a wand of acid (8)
Scrolls
 e - 2 scrolls of fear
 m - a scroll of blinking
 o - 5 scrolls of enchant armour
 v - a scroll of teleportation
 E - a scroll of identify
 J - a scroll of amnesia {unknown}
Potions
 a - a potion of cancellation {unknown}
 b - 3 potions of invisibility
 d - a potion of haste {unknown}
 f - a potion of ambrosia {unknown}
 g - 2 potions of flight
 h - 2 potions of might
 l - 3 potions of brilliance {unknown}
 n - 5 potions of curing
 z - a potion of resistance {unknown}
 A - a potion of magic {unknown}


   Skills:
 + Level 9.2 Fighting
 * Level 12.9 Axes
 + Level 8.0 Armour
 - Level 0.7 Dodging
 + Level 6.0 Shields
 + Level 9.5 Invocations


You had 10 spell levels left.
You didn't know any spells.
Your spell library contained the following spells:

 Spells                   Type           Power      Damage    Failure   Level
 Beastly Appendage        Tmut           0%         N/A       98%         1
 Magic Dart               Conj           0%         1d3       98%         1
 Shock                    Conj/Air       0%         1d3       98%         1
 Searing Ray              Conj           0%         3d3       99%         2
 Wereblood                Tmut           0%         N/A       99%         2
 Inner Flame              Hex/Fire       0%         N/A       100%        3
 Spider Form              Tmut/Pois      0%         N/A       100%        3
 Cause Fear               Hex            0%         N/A       100%        4
 Fulminant Prism          Conj/Hex       0%         3d6       100%        4
 Discord                  Hex            0%         N/A       100%        8
 Chain Lightning          Conj/Air       0%         N/A       100%        9
 Fire Storm               Conj/Fire      0%         5d1       100%        9


Dungeon Overview and Level Annotations

Branches:
Dungeon (10/15)            Temple (1/1) D:6            Lair (0/6) D:8
    Orc: D:9-12

Altars:
Ashenzari
Cheibriados
Dithmenos
Elyvilon
Fedhas
Gozag
Hepliaklqana
Kikubaaqudgha
Makhleb
Nemelex Xobeh
Qazlal
Ru
Sif Muna
Uskayaw
Vehumet
Wu Jian
Xom
Zin
The Shining One

Shops:
D:1 [([*

Annotations:
D:3 3 runed translucent doors, snackwell's ghost, amateur SpAr
D:7 gargoyle


Message History

The death knight is lightly wounded.
You closely miss the death knight.
The death knight is lightly wounded.
The death knight barely misses you.
You barely miss the death knight.
The death knight is lightly wounded.
You block the death knight's attack. The phantasmal warrior gestures at you.
The phantasmal warrior blinks!
You slash the death knight! You drain the death knight.
The death knight is moderately wounded.
The death knight hits you but does no damage.
The phantasmal warrior gestures at you.
The phantasmal warrior blinks!
You closely miss the death knight.
The death knight is moderately wounded.
You block the death knight's attack. The phantasmal warrior gestures at you.
The phantasmal warrior blinks!
You barely miss the death knight.
The death knight is moderately wounded.
The death knight mumbles some strange prayers to Yredelemnul against you.
Your body is wracked with pain!
Press: ? - help, Shift-Dir - straight line, f - phantasmal warrior
Aim: a phantasmal warrior (chance to affect: 39%)
The phantasmal warrior resists with some effort.
The death knight offers itself to Yredelemnul, and fills with unholy energy.
The phantasmal warrior hits you!!
* * * LOW HITPOINT WARNING * * *
Press: ? - help, Shift-Dir - straight line, f/p - phantasmal warrior
Aim: a phantasmal warrior (chance to affect: 39%)
The phantasmal warrior resists with some effort.
You block the death knight's attack. The phantasmal warrior hits you!!
* * * LOW HITPOINT WARNING * * *
Your willpower is stripped away!
You feel much better.
The death knight hits you with a +4 battleaxe!!
* * * LOW HITPOINT WARNING * * *
The phantasmal warrior hits you!!
You die...

#.## #..### ##...#
###.### #...# ###.#
#.# #W# #@#
#######p####
......WWW..### ##+##
...........'W##ยง?...$
...........#..WW...?.
..>........####......
...........# .....
...........# ....
###+######## ...


You could see a death knight (reflects damage, drained), a phantasmal warrior, 2
freezing wraiths and a wraith.

Vanquished Creatures
  Snorg (D:10)
  A cyclops (D:8)
  A kobold demonologist (D:9)
  Maggie (D:9)
  Prince Ribbit (D:8)
  A troll (shapeshifter) (D:8)
  A slime creature (D:8)
  A wraith (D:9)
  Eustachio (D:4)
  A yak (D:8)
  Grum (D:5)
  A steam dragon (D:8)
  A water moccasin (D:6)
  An ice beast (D:7)
  An orc warrior (D:7)
  2 sky beasts
  A necrophage (D:8)
  4 centaurs (D:8)
  4 phantoms
  3 kobold brigands (D:9)
  2 gnoll sergeants (D:5)
  8 bullfrogs
  A scorpion (D:6)
  A wyvern zombie (D:8)
  4 killer bees (D:8)
  A wight (D:8)
  3 jellies
  2 electric eels (D:6)
  3 centaur zombies
  13 hounds
  A bullfrog zombie (D:5)
  3 gnoll shamans (D:5)
  6 orc priests
  A bullfrog skeleton (D:7)
  A centaur skeleton (D:5)
  4 iguanas (D:6)
  6 orc wizards
  A scorpion zombie (D:5)
  6 adders
  21 gnolls
  A howler monkey skeleton (D:6)
  A white imp (D:5)
  2 ufetubi
  An adder skeleton (D:4)
  2 worms
  2 dart slugs (D:1)
  18 orcs
  8 ball pythons
  12 endoplasms
  7 giant cockroaches
  9 goblins
  6 hobgoblins
  4 jackals (D:5)
  16 kobolds
  6 quokkas
  4 bats
  3 frilled lizards
  5 rats (D:1)
224 creatures vanquished.

Vanquished Creatures (others)
  2 fungi (D:1)
  20 plants
22 creatures vanquished.

Grand Total: 246 creatures vanquished

Notes
Turn   | Place    | Note
-------+----------+-------------------------------------------
     0 | Abyss:1  | Spaninq the Hill Orc Abyssal Knight began the quest for the
                  | Orb.
     0 | Abyss:1  | Reached XP level 1. HP: 19/19 MP: 2/2
    18 | D:1      | Escaped the Abyss
    74 | D:1      | Reached skill level 3 in Axes
   140 | D:1      | Reached XP level 2. HP: 27/27 MP: 3/3
   156 | D:1      | Found Plog's Armour Emporium.
   304 | D:1      | Found Iryptane's Antique Weapon Shoppe.
   412 | D:1      | Reached ** piety under Lugonu
   424 | D:1      | Found a faded altar of an unknown god.
   441 | D:1      | Got Plato's Reference Book on Air
   510 | D:1      | Reached XP level 3. HP: 33/33 MP: 5/5
   592 | D:1      | Found Omee's Antique Armour Shoppe.
   623 | D:1      | Found Rothrir's Assorted Antiques.
  1030 | D:2      | Reached skill level 4 in Axes
  1132 | D:2      | Reached XP level 4. HP: 40/40 MP: 6/6
  1883 | D:3      | Reached XP level 5. HP: 41/47 MP: 7/7
  2527 | D:3      | Found a runed translucent gate.
  2527 | D:3      | Found a runed translucent gate.
  2527 | D:3      | Found a runed translucent gate.
  2557 | D:3      | Reached *** piety under Lugonu
  2560 | D:3      | Noticed snackwell's ghost (amateur SpAr)
  2905 | D:4      | Reached skill level 5 in Axes
  2943 | D:4      | Noticed an orc warrior
  3136 | D:3      | Reached XP level 6. HP: 15/53 MP: 9/9
  3898 | D:4      | Reached skill level 5 in Fighting
  3898 | D:4      | Reached skill level 6 in Axes
  4615 | D:4      | Reached XP level 7. HP: 59/61 MP: 10/10
  4643 | D:4      | Reached skill level 5 in Invocations
  5117 | D:5      | Entered Level 5 of the Dungeon
  5263 | D:5      | Reached skill level 7 in Axes
  5748 | D:5      | Found a shimmering altar of Xom.
  5750 | D:5      | Found an opulent altar of Gozag.
  5753 | D:5      | Found a radiant altar of Vehumet.
  5753 | D:5      | Noticed Eustachio
  5927 | D:5      | Found a glowing golden altar of the Shining One.
  5927 | D:5      | Found an ancient bone altar of Kikubaaqudgha.
  6029 | D:4      | Killed Eustachio
  6030 | D:4      | Reached skill level 8 in Axes
  6030 | D:4      | Reached XP level 8. HP: 43/70 MP: 12/12
  6218 | D:4      | Reached skill level 5 in Armour
  6705 | D:5      | Found a snail-covered altar of Cheibriados.
  6766 | D:5      | Found a sacrificial altar of Ru.
  6768 | D:5      | Found a sparkling altar of Nemelex Xobeh.
  7184 | D:5      | Reached skill level 9 in Axes
  7558 | D:5      | Noticed Grum
  7572 | D:5      | Killed Grum
  8164 | D:5      | Reached XP level 9. HP: 78/78 MP: 14/14
  8167 | D:5      | Reached **** piety under Lugonu
  8556 | D:6      | Found an ornate altar of the Wu Jian Council.
  8821 | D:6      | Found a staircase to the Ecumenical Temple.
  8858 | D:6      | Reached skill level 10 in Axes
  8858 | D:6      | Reached skill level 1 in Shields
  8929 | Temple   | Entered the Ecumenical Temple
  9766 | D:7      | Noticed a gargoyle
 10516 | D:8      | Found a glowing silver altar of Zin.
 10688 | D:8      | Noticed a jumping spider
 10694 | D:8      | Noticed a wind drake
 10736 | D:8      | Noticed an orb spider
 10743 | D:8      | Reached skill level 11 in Axes
 10743 | D:8      | Reached XP level 10. HP: 67/88 MP: 16/16
 10749 | D:8      | an orb spider changed into a troll
 10778 | D:8      | Identified the +6 dagger of Makhleb's Pride {venom, rCorr
                  | Int+2}
 11147 | D:8      | Noticed Prince Ribbit
 11315 | D:8      | Noticed a cyclops
 11369 | D:8      | Killed a cyclops
 11370 | D:8      | Reached skill level 5 in Shields
 11741 | D:8      | Found a staircase to the Lair.
 11781 | D:8      | Reached skill level 12 in Axes
 11909 | D:8      | Found a staircase to the Lair.
 12211 | D:8      | Found a glowing silver altar of Zin.
 12612 | D:8      | Found a glowing silver altar of Zin.
 12934 | D:8      | Killed Prince Ribbit
 13008 | D:8      | Found a staircase to the Lair.
 13151 | D:9      | Noticed Maggie
 13182 | D:9      | Killed Maggie
 13356 | D:9      | Noticed a kobold demonologist
 13373 | D:9      | Killed a kobold demonologist
 14106 | D:10     | Entered Level 10 of the Dungeon
 14106 | D:10     | Noticed Snorg
 14117 | D:10     | Killed Snorg
 14118 | D:10     | Reached XP level 11. HP: 91/97 MP: 16/18
 14166 | D:10     | Noticed a death knight
 14166 | D:10     | Noticed a phantasmal warrior
 14188 | D:10     | HP: 3/97 [phantasmal warrior[a death knight] (23)]
 14189 | D:10     | Demolished by a phantasmal warrior

Illustrated notes

Levels and vault maps discovered:
D:1:      lightli_molten_gateway, layout_loops_cross,
          shapermc_ecumenical_altar_rom_forum, serial_shops, nicolae_shop_stone,
          nicolae_shop_behind_doors, shop, shop
D:2:      layout_basic
D:3:      layout_loops_ring, serial_rivers, chequers_serial_rivers_large_b,
          chequers_serial_rivers_micro_d, chequers_serial_rivers_micro_c,
          chequers_serial_rivers_micro_b, chequers_serial_rivers_large_a,
          gammafunk_ghost_icy
D:4:      layout_loops_corners, guppyfry_early_orc_mine
D:5:      layout_cave_pools, grunt_temple_overflow_open, serial_gnoll_camp,
          gnoll_camp_mini_doghouse, gnoll_camp_mini_hut, gnoll_camp_medium_02,
          gnoll_camp_medium_01, grums_kennel, st_stairs_1, uniq_eustachio
D:6:      layout_basic, lemuel_crystal_altar, temple_pool_b, serial_bayou_lake_a
D:7:      layout_basic
D:8:      layout_gridville, nicolae_overflow_crystal_walls, lair_entry_dummy,
          grunt_ministairs_1, corexii_leaking_fountain,
          minmay_misc_feat_ornament, minmay_shattered_shrine,
          uniq_prince_ribbit1
D:9:      layout_basic, uniq_maggie
D:10:     layout_roguey, grunt_temple_overflow_bloody_war, lemuel_crystal_altar,
          serial_shops, nicolae_square_shop, uniq_snorg
Temple:   jpeg_temple_island

Skill      XL: |  1  2  3  4  5  6  7  8  9 10 |
---------------+-------------------------------+-----
Axes           | 3 4 5 6 8 9 11 12 | 12.9
Invocations    | 3 4 5 6 8 9 |  9.5
Fighting       | 4 5 6 7 9 |  9.2
Armour         | 3 4 5 6 8 |  8.0
Shields        | 4 6 |  6.0
Dodging        | |  0.7

Action                   |  1- 3 |  4- 6 |  7- 9 | 10-12 || total
-------------------------+-------+-------+-------+-------++-------
Melee: Hand axe          |   129 |   273 |   684 |   308 ||  1394
       Falchion          |       |       |    17 |       ||    17
       War axe           |       |       |       |    96 ||    96
 Fire: Hunting sling     |       |    12 |       |       ||    12
Invok: Banish            |       |       |     1 |     2 ||     3
       Bend Space        |       |       |     1 |       ||     1
  Use: Scroll            |     1 |     7 |     3 |     1 ||    12
       Potion            |       |       |     2 |     4 ||     6
Armor: Leather armour    |    18 |       |       |       ||    18
       Chain mail        |    60 |   176 |   321 |       ||   557
       Plate armour      |       |       |    40 |   174 ||   214
Dodge: Dodged            |    44 |    73 |   222 |    94 ||   433
Block: Buckler           |       |       |    35 |    59 ||    94

Table legend: (Time is in decaauts)
 A = Elapsed time spent in this place.
 B = Non-inter-level travel time spent in this place.
 C = Inter-level travel time spent in this place.
 D = Time resting spent in this place.
 E = Time spent auto-exploring this place.
 F = Levels seen in this place.
 G = Mean time per level.
                   A        B        C        D        E       F      G
               +--------+--------+--------+--------+--------+-----+--------+
         Total |  14234 |  13699 |    535 |   1621 |   8631 |  12 | 1186.2 |
       Dungeon |  13934 |  13408 |    526 |   1621 |   8356 |  10 | 1393.4 |
        Temple |    282 |    273 |      9 |      0 |    267 |   1 |  282.0 |
         Abyss |     18 |     18 |      0 |      0 |      8 |   1 |   18.0 |
               +--------+--------+--------+--------+--------+-----+--------+

Top non-repeatable levels by time:
     D:5: 2817 daAuts
     D:4: 2510 daAuts
     D:8: 2461 daAuts
     D:3: 1398 daAuts
     D:1: 1017 daAuts
     D:6: 958 daAuts
     D:9: 958 daAuts
     D:2: 871 daAuts
     D:7: 859 daAuts
  Temple: 282 daAuts
    D:10: 81 daAuts
 Abyss:1: 18 daAuts
